Connexion

Crunch vs Gulls

Created - 25 août 2023 at 05:50

Goals
1 2 3 T
Crunch 2 1 0 3
Gulls 1 2 2 5
Shots
1 2 3 T
Crunch 11 6 6 23
Gulls 10 15 9 34

GoalsPenalties
1st period
1. Crunch , Jean-Christophe Beaudin 4 (Thomas Tynan 4, Axel Andersson 8) at 0:55 (PP)
2. Gulls , Linus Olund 5 (Ryan Shea 6) at 14:15
3. Crunch , Thomas Tynan 6 (Jaycob Megna 2, Jean-Christophe Beaudin 5) at 17:37
Mirco Mueller (SAN) for Holding Stick (Minor) at 0:05
Kody Clark (SYR) for Charging (Minor) at 4:53
Axel Andersson (SYR) for Goalie Interference (Minor) at 5:04
Ryan Shea (SAN) for Hooking (Minor) at 14:43
2nd period
4. Gulls , Arnaud Durandeau 6 (Ryan Shea 7, Gustav Bouramman 3) at 6:39 (PP)
5. Gulls , Dalton Smith 2 (Dmitry Kulikov 8, Mirco Mueller 5) at 16:40
6. Crunch , Thomas Tynan 7 (Axel Andersson 9) at 17:12
Mikko Kokkonen (SYR) for Holding (Minor) at 2:53
Paul Bittner (SYR) for Diving (Minor) at 5:31
3rd period
7. Gulls , Alex Limoges 4 (Trevor Murphy 4, Lucas Carlsson 4) at 13:01
8. Gulls , Linus Olund 6 (Trevor Murphy 5, Mathias Laferriere 3) at 15:10
Ryan Shea (SAN) for Hooking (Minor) at 6:52
Goalie Stats
Anthony Stolarz (SYR), 29 saves from 34 shots - (0,853), L, 5-4-0, 60:00 minutes
Janne Juvonen (SAN), 20 saves from 23 shots - (0,870), W, 1-2-0, 60:00 minutes
3 StarsOfficial
1 - Linus Olund (SAN)
2 - Thomas Tynan (SYR)
3 - Jean-Christophe Beaudin (SYR)
Referees : Brian Pochmara and Rob Shick
Linesman : Derek Amell and David Brisebois
Game Note
No Game Note
Finance
Level 1 -- Attendance: 2000 (100,00%) -- Ticket Income 70 000 $
Level 2 -- Attendance: 639 (63,90%) -- Ticket Income 15 336 $
Total Attendance: 2639 (87,97%)
Total Ticket Income: 85 336 $
Other Income: 17 067 $
Total Income: 102 403 $



Team Name Goals Shots Shots Attemp Shots Blocked PIM HIT PP PK FO%
Crunch 32345108271 / 3 (33%)144%
Gulls 5347956201 / 4 (25%)156%

Crunch
Player Name POS G A P +/- PIM HIT SHT SB MP PP MP PP SHT PK MP PK SHT FO% FOT
Aaron LuchukC000-100105:020:0000:00020% 5
Austin StrandD000-1001124:022:4712:4500% 0
Axel AnderssonD022-1201118:072:0111:2900% 0
Blaine ByronC/LW0001010016:352:0900:0000% 2
Connor CorcoranD000-1011119:102:0112:3200% 0
Garnet HathawayRW000-103005:020:0000:000100% 1
Jaycob MegnaD011-1020124:022:4702:4500% 0
Jean-Christophe BeaudinC/RW1121021017:362:0911:010100% 1
Jean-Gabriel PageauC000-3045126:142:3913:26049% 39
Kody ClarkRW0000211015:000:0000:0000% 0
Mason ShawC/LW000-2001018:052:3910:0000% 1
Mike VecchioneC/RW000-2013019:062:3911:0100% 0
Mikko KokkonenD0000260216:470:0000:0000% 0
Nicolas Aube-KubelRW000000000:190:0000:0000% 0
Patrick HarperC/LW0000002015:010:0000:00050% 14
Paul BittnerLW0000221115:000:0000:0000% 0
Thomas TynanC2131045019:532:0903:18039% 23
Xavier BouchardD0000000217:500:0001:0200% 0
Gulls
Player Name POS G A P +/- PIM HIT SHT SB MP PP MP PP SHT PK MP PK SHT FO% FOT
Alex LimogesC/LW1010003019:432:2500:19062% 21
Arnaud DurandeauLW1010015011:092:2530:0000% 0
Calvin ThurkaufC/LW000000000:240:0000:2400% 0
Dalton SmithLW101101305:272:5200:1300% 0
Dmitry KulikovD0111011126:033:0512:5100% 0
Dylan SikuraC/LW/RW0000007226:542:5221:28056% 9
Gustav BourammanD0110010018:502:1200:1900% 0
Jack BadiniC/LW000102109:480:0000:00069% 13
Linus OlundC2023012019:370:0002:39043% 28
Lucas CarlssonD0111010015:070:0001:3800% 0
Lukas VejdemoC/LW/RW000-1004022:070:0000:000100% 1
Marcus KallionkelliLW000-102118:420:0001:280100% 1
Mathias LaferriereRW0113021019:232:2500:0000% 1
Mirco MuellerD0111242025:303:0512:1900% 0
Phil Di GiuseppeLW/RW0000032022:082:5211:59050% 2
Ryan SheaD0220400118:292:1200:0000% 0
TJ HensickC/RW0000001010:090:0001:25060% 10
Trevor MurphyD0221011015:390:0002:1000% 0



Play-by-Play

1st period


0:01 of 1st period - Jean-Gabriel Pageau wins face-off versus Linus Olund in neutral zone.
0:05 of 1st period - Minor Penalty to Mirco Mueller for Holding Stick.
0:06 of 1st period - Jean-Gabriel Pageau wins face-off versus Linus Olund in Gulls zone.
0:07 of 1st period - Shot by Austin Strand.
0:07 of 1st period - Shot Misses the Net.
0:23 of 1st period - Shot by Austin Strand.
0:23 of 1st period - Stopped by Janne Juvonen without a rebound.
0:24 of 1st period - Marcus Kallionkelli wins face-off versus Thomas Tynan in Gulls zone.
0:41 of 1st period - Dmitry Kulikov is hit by Thomas Tynan and loses puck.
0:55 of 1st period - Shot by Jean-Christophe Beaudin.
0:55 of 1st period - Goal by Jean-Christophe Beaudin - Crunch : 1 - Gulls : 0.
0:56 of 1st period - Alex Limoges wins face-off versus Jean-Gabriel Pageau in neutral zone.
0:58 of 1st period - Off-side.
0:59 of 1st period - Alex Limoges wins face-off versus Jean-Gabriel Pageau in neutral zone.
1:14 of 1st period - Shot by Alex Limoges.
1:14 of 1st period - Deflect By Phil Di Giuseppe.
1:14 of 1st period - Shot Blocked by Austin Strand.
1:16 of 1st period - Shot by Phil Di Giuseppe.
1:16 of 1st period - Deflect By Alex Limoges.
1:16 of 1st period - Stopped by Anthony Stolarz without a rebound.
1:17 of 1st period - Linus Olund wins face-off versus Thomas Tynan in Crunch zone.
1:52 of 1st period - Shot by Axel Andersson.
1:52 of 1st period - Shot Misses the Net.
2:22 of 1st period - Shot by Patrick Harper.
2:22 of 1st period - Stopped by Janne Juvonen with a rebound.
2:26 of 1st period - Shot by Kody Clark.
2:26 of 1st period - Shot Blocked by Dmitry Kulikov.
2:40 of 1st period - Shot by Paul Bittner.
2:40 of 1st period - Shot Misses the Net.
3:12 of 1st period - Lukas Vejdemo is hit by Jaycob Megna and loses puck.
3:18 of 1st period - Off-side.
3:19 of 1st period - Thomas Tynan wins face-off versus Jack Badini in neutral zone.
3:27 of 1st period - Shot by Jean-Christophe Beaudin.
3:27 of 1st period - Deflect By Thomas Tynan.
3:27 of 1st period - Shot Blocked by Ryan Shea.
3:29 of 1st period - Shot by Jean-Christophe Beaudin.
3:29 of 1st period - Shot Misses the Net.
3:31 of 1st period - Shot by Thomas Tynan.
3:31 of 1st period - Stopped by Janne Juvonen without a rebound.
3:32 of 1st period - Alex Limoges wins face-off versus Aaron Luchuk in Gulls zone.
3:32 of 1st period - Alex Limoges is hit by Garnet Hathaway.
3:37 of 1st period - Icing by Lukas Vejdemo.
3:38 of 1st period - Alex Limoges wins face-off versus Blaine Byron in Gulls zone.
3:38 of 1st period - Alex Limoges is hit by Thomas Tynan.
3:48 of 1st period - Shot by Lukas Vejdemo.
3:48 of 1st period - Stopped by Anthony Stolarz without a rebound.
3:49 of 1st period - Lukas Vejdemo wins face-off versus Jean-Gabriel Pageau in Crunch zone.
3:55 of 1st period - Off-side.
3:56 of 1st period - Jean-Gabriel Pageau wins face-off versus Alex Limoges in neutral zone.
4:14 of 1st period - Icing by Gustav Bouramman.
4:15 of 1st period - Alex Limoges wins face-off versus Thomas Tynan in Gulls zone.
4:15 of 1st period - Alex Limoges is hit by Jean-Christophe Beaudin.
4:20 of 1st period - Off-side.
4:21 of 1st period - Jean-Gabriel Pageau wins face-off versus TJ Hensick in neutral zone.
4:26 of 1st period - Shot by Aaron Luchuk.
4:26 of 1st period - Stopped by Janne Juvonen without a rebound.
4:27 of 1st period - Dylan Sikura wins face-off versus Jean-Gabriel Pageau in Gulls zone.
4:27 of 1st period - Dylan Sikura is hit by Jean-Gabriel Pageau.
4:46 of 1st period - Shot by Mike Vecchione.
4:46 of 1st period - Stopped by Janne Juvonen without a rebound.
4:47 of 1st period - Jack Badini wins face-off versus Patrick Harper in Gulls zone.
4:47 of 1st period - Gustav Bouramman is hit by Paul Bittner and loses puck.
4:53 of 1st period - Minor Penalty to Kody Clark for Charging.
4:54 of 1st period - Jean-Gabriel Pageau wins face-off versus Alex Limoges in Crunch zone.
5:04 of 1st period - Minor Penalty to Axel Andersson for Goalie Interference.
5:05 of 1st period - Dylan Sikura wins face-off versus Jean-Gabriel Pageau in Crunch zone.
5:35 of 1st period - Shot by Mirco Mueller.
5:35 of 1st period - Shot Misses the Net.
5:37 of 1st period - Shot by Dalton Smith.
5:37 of 1st period - Deflect By Dylan Sikura.
5:37 of 1st period - Shot Misses the Net.
5:39 of 1st period - Shot by Mirco Mueller.
5:39 of 1st period - Stopped by Anthony Stolarz without a rebound.
5:40 of 1st period - Alex Limoges wins face-off versus Thomas Tynan in Crunch zone.
6:13 of 1st period - Shot by Arnaud Durandeau.
6:13 of 1st period - Shot Misses the Net.
6:15 of 1st period - Shot by Ryan Shea.
6:15 of 1st period - Shot Blocked by Xavier Bouchard.
6:19 of 1st period - Shot by Mathias Laferriere.
6:19 of 1st period - Shot Misses the Net.
6:43 of 1st period - Shot by Dylan Sikura.
6:43 of 1st period - Stopped by Anthony Stolarz without a rebound.
6:44 of 1st period - Jean-Gabriel Pageau wins face-off versus Dylan Sikura in Crunch zone.
6:44 of 1st period - Jean-Gabriel Pageau is hit by Phil Di Giuseppe.
6:56 of 1st period - Shot by Dmitry Kulikov.
6:56 of 1st period - Stopped by Anthony Stolarz without a rebound.
6:57 of 1st period - Jean-Gabriel Pageau wins face-off versus Alex Limoges in Crunch zone.
7:05 of 1st period - Icing by Mathias Laferriere.
7:06 of 1st period - Jack Badini wins face-off versus Jean-Gabriel Pageau in Gulls zone.
7:17 of 1st period - Shot by Mike Vecchione.
7:17 of 1st period - Stopped by Janne Juvonen without a rebound.
7:18 of 1st period - Linus Olund wins face-off versus Patrick Harper in Gulls zone.
7:23 of 1st period - Shot by Dylan Sikura.
7:23 of 1st period - Stopped by Anthony Stolarz with a rebound.
7:29 of 1st period - Shot by Axel Andersson.
7:29 of 1st period - Shot Misses the Net.
7:31 of 1st period - Shot by Kody Clark.
7:31 of 1st period - Stopped by Janne Juvonen with a rebound.
7:39 of 1st period - Shot by Paul Bittner.
7:39 of 1st period - Shot Misses the Net.
8:07 of 1st period - Icing by Dylan Sikura.
8:08 of 1st period - Linus Olund wins face-off versus Thomas Tynan in Gulls zone.
8:59 of 1st period - Icing by Gustav Bouramman.
9:00 of 1st period - Linus Olund wins face-off versus Jean-Gabriel Pageau in Gulls zone.
9:47 of 1st period - Shot by Alex Limoges.
9:47 of 1st period - Shot Misses the Net.
10:03 of 1st period - Marcus Kallionkelli is hit by Jean-Gabriel Pageau and loses puck.
10:15 of 1st period - Dalton Smith is hit by Mikko Kokkonen and loses puck.
10:58 of 1st period - Shot by Phil Di Giuseppe.
10:58 of 1st period - Stopped by Anthony Stolarz without a rebound.
10:59 of 1st period - Thomas Tynan wins face-off versus Alex Limoges in Crunch zone.
11:38 of 1st period - Shot by Thomas Tynan.
11:38 of 1st period - Shot Misses the Net.
11:47 of 1st period - Icing by Lucas Carlsson.
11:48 of 1st period - Alex Limoges wins face-off versus Patrick Harper in Gulls zone.
12:03 of 1st period - Patrick Harper is hit by Phil Di Giuseppe and loses puck.
12:35 of 1st period - Icing by Trevor Murphy.
12:36 of 1st period - Alex Limoges wins face-off versus Thomas Tynan in Gulls zone.
12:36 of 1st period - Alex Limoges is hit by Thomas Tynan.
13:32 of 1st period - Shot by Garnet Hathaway.
13:32 of 1st period - Shot Blocked by Dylan Sikura.
14:15 of 1st period - Shot by Linus Olund.
14:15 of 1st period - Goal by Linus Olund - Crunch : 1 - Gulls : 1.
14:16 of 1st period - Patrick Harper wins face-off versus Mathias Laferriere in neutral zone.
14:16 of 1st period - Patrick Harper is hit by Mathias Laferriere.
14:43 of 1st period - Minor Penalty to Ryan Shea for Hooking.
14:44 of 1st period - Thomas Tynan wins face-off versus Linus Olund in Gulls zone.
15:18 of 1st period - Icing by Austin Strand.
15:19 of 1st period - Thomas Tynan wins face-off versus Linus Olund in Crunch zone.
15:24 of 1st period - Mirco Mueller is hit by Jean-Christophe Beaudin and loses puck.
15:51 of 1st period - Shot by Connor Corcoran.
15:51 of 1st period - Stopped by Janne Juvonen without a rebound.
15:52 of 1st period - Jean-Gabriel Pageau wins face-off versus Dylan Sikura in Gulls zone.
15:53 of 1st period - Shot by Mason Shaw.
15:53 of 1st period - Shot Blocked by Marcus Kallionkelli.
15:55 of 1st period - Shot by Jean-Gabriel Pageau.
15:55 of 1st period - Shot Blocked by Dylan Sikura.
16:10 of 1st period - Shot by Jean-Gabriel Pageau.
16:10 of 1st period - Deflect By Mike Vecchione.
16:10 of 1st period - Stopped by Janne Juvonen without a rebound.
16:11 of 1st period - Jean-Gabriel Pageau wins face-off versus Linus Olund in Gulls zone.
16:12 of 1st period - Shot by Mike Vecchione.
16:12 of 1st period - Shot Misses the Net.
16:40 of 1st period - Lucas Carlsson is hit by Jean-Gabriel Pageau and loses puck.
16:58 of 1st period - Arnaud Durandeau is hit by Kody Clark and loses puck.
17:09 of 1st period - Shot by Dylan Sikura.
17:09 of 1st period - Shot Blocked by Mikko Kokkonen.
17:11 of 1st period - Shot by Arnaud Durandeau.
17:11 of 1st period - Stopped by Anthony Stolarz without a rebound.
17:12 of 1st period - Jack Badini wins face-off versus Thomas Tynan in Crunch zone.
17:17 of 1st period - Shot by Lukas Vejdemo.
17:17 of 1st period - Shot Misses the Net.
17:19 of 1st period - Shot by Marcus Kallionkelli.
17:19 of 1st period - Stopped by Anthony Stolarz without a rebound.
17:20 of 1st period - Jack Badini wins face-off versus Thomas Tynan in Crunch zone.
17:21 of 1st period - Shot by Lukas Vejdemo.
17:21 of 1st period - Shot Misses the Net.
17:35 of 1st period - Shot by Jean-Christophe Beaudin.
17:35 of 1st period - Shot Hit the Post.
17:37 of 1st period - Shot by Jaycob Megna.
17:37 of 1st period - Deflect By Thomas Tynan.
17:37 of 1st period - Goal by Thomas Tynan - Crunch : 2 - Gulls : 1.
17:38 of 1st period - Phil Di Giuseppe wins face-off versus Jean-Gabriel Pageau in neutral zone.
17:47 of 1st period - Shot by Phil Di Giuseppe.
17:47 of 1st period - Shot Blocked by Xavier Bouchard.
17:52 of 1st period - Icing by Mikko Kokkonen.
17:53 of 1st period - Dylan Sikura wins face-off versus Jean-Gabriel Pageau in Crunch zone.
17:53 of 1st period - Dylan Sikura is hit by Mikko Kokkonen.
18:23 of 1st period - Shot by Mathias Laferriere.
18:23 of 1st period - Shot Blocked by Mikko Kokkonen.
18:30 of 1st period - Linus Olund is hit by Mikko Kokkonen and loses puck.
18:59 of 1st period - Icing by Dmitry Kulikov.
19:00 of 1st period - Patrick Harper wins face-off versus Alex Limoges in Gulls zone.
19:56 of 1st period - Patrick Harper is hit by Arnaud Durandeau and loses puck.
Goals for this period are 2 for Crunch vs 1 for Gulls.
Shots for this period are 11 for Crunch vs 10 for Gulls.

2nd period


0:01 of 2nd period - Linus Olund wins face-off versus Jean-Gabriel Pageau in neutral zone.
0:04 of 2nd period - Shot by Mirco Mueller.
0:04 of 2nd period - Stopped by Anthony Stolarz without a rebound.
0:05 of 2nd period - Linus Olund wins face-off versus Jean-Gabriel Pageau in Crunch zone.
0:39 of 2nd period - Shot by Dylan Sikura.
0:39 of 2nd period - Stopped by Anthony Stolarz without a rebound.
0:40 of 2nd period - Jack Badini wins face-off versus Thomas Tynan in Crunch zone.
0:45 of 2nd period - Shot by Lukas Vejdemo.
0:45 of 2nd period - Stopped by Anthony Stolarz with a rebound.
0:47 of 2nd period - Shot by Ryan Shea.
0:47 of 2nd period - Shot Misses the Net.
1:51 of 2nd period - Shot by Dylan Sikura.
1:51 of 2nd period - Shot Misses the Net.
2:53 of 2nd period - Minor Penalty to Mikko Kokkonen for Holding.
2:54 of 2nd period - Alex Limoges wins face-off versus Jean-Gabriel Pageau in Crunch zone.
3:05 of 2nd period - Shot by Ryan Shea.
3:05 of 2nd period - Shot Misses the Net.
3:07 of 2nd period - Shot by Arnaud Durandeau.
3:07 of 2nd period - Stopped by Anthony Stolarz with a rebound.
3:09 of 2nd period - Shot by Mathias Laferriere.
3:09 of 2nd period - Shot Blocked by Jean-Gabriel Pageau.
3:11 of 2nd period - Shot by Arnaud Durandeau.
3:11 of 2nd period - Stopped by Anthony Stolarz without a rebound.
3:12 of 2nd period - Jean-Gabriel Pageau wins face-off versus Dylan Sikura in Crunch zone.
3:25 of 2nd period - Shot by Phil Di Giuseppe.
3:25 of 2nd period - Stopped by Anthony Stolarz with a rebound.
3:27 of 2nd period - Shot by Dalton Smith.
3:27 of 2nd period - Shot Misses the Net.
3:29 of 2nd period - Shot by Dylan Sikura.
3:29 of 2nd period - Stopped by Anthony Stolarz without a rebound.
3:30 of 2nd period - Jean-Gabriel Pageau wins face-off versus Alex Limoges in Crunch zone.
4:35 of 2nd period - Shot by Ryan Shea.
4:35 of 2nd period - Shot Blocked by Jaycob Megna.
5:31 of 2nd period - Minor Penalty to Paul Bittner for Diving.
5:32 of 2nd period - Jean-Gabriel Pageau wins face-off versus Phil Di Giuseppe in Crunch zone.
5:32 of 2nd period - Jean-Gabriel Pageau is hit by Dalton Smith.
5:42 of 2nd period - Icing by Phil Di Giuseppe.
5:43 of 2nd period - Dylan Sikura wins face-off versus Jean-Gabriel Pageau in Gulls zone.
5:45 of 2nd period - Icing by Mirco Mueller.
5:46 of 2nd period - Dylan Sikura wins face-off versus Jean-Gabriel Pageau in Gulls zone.
6:35 of 2nd period - Shot by Ryan Shea.
6:35 of 2nd period - Shot Blocked by Axel Andersson.
6:37 of 2nd period - Shot by Arnaud Durandeau.
6:37 of 2nd period - Shot Misses the Net.
6:39 of 2nd period - Shot by Arnaud Durandeau.
6:39 of 2nd period - Goal by Arnaud Durandeau - Crunch : 2 - Gulls : 2.
6:40 of 2nd period - Patrick Harper wins face-off versus Jack Badini in neutral zone.
6:54 of 2nd period - Patrick Harper is hit by Trevor Murphy and loses puck.
7:12 of 2nd period - Off-side.
7:13 of 2nd period - Alex Limoges wins face-off versus Jean-Gabriel Pageau in neutral zone.
7:18 of 2nd period - Shot by Phil Di Giuseppe.
7:18 of 2nd period - Shot Misses the Net.
7:26 of 2nd period - Shot by Mason Shaw.
7:26 of 2nd period - Shot Misses the Net.
7:28 of 2nd period - Shot by Jean-Gabriel Pageau.
7:28 of 2nd period - Stopped by Janne Juvonen without a rebound.
7:29 of 2nd period - Thomas Tynan wins face-off versus Linus Olund in Gulls zone.
7:59 of 2nd period - Shot by Blaine Byron.
7:59 of 2nd period - Shot Misses the Net.
8:03 of 2nd period - Shot by Thomas Tynan.
8:03 of 2nd period - Stopped by Janne Juvonen without a rebound.
8:04 of 2nd period - Jean-Gabriel Pageau wins face-off versus Alex Limoges in Gulls zone.
10:01 of 2nd period - Shot by Blaine Byron.
10:01 of 2nd period - Deflect By Thomas Tynan.
10:01 of 2nd period - Stopped by Janne Juvonen without a rebound.
10:02 of 2nd period - Garnet Hathaway wins face-off versus TJ Hensick in Gulls zone.
10:25 of 2nd period - Shot by Aaron Luchuk.
10:25 of 2nd period - Shot Misses the Net.
10:27 of 2nd period - Shot by Aaron Luchuk.
10:27 of 2nd period - Shot Misses the Net.
10:29 of 2nd period - Shot by Jaycob Megna.
10:29 of 2nd period - Shot Misses the Net.
10:31 of 2nd period - Shot by Jean-Gabriel Pageau.
10:31 of 2nd period - Stopped by Janne Juvonen without a rebound.
10:32 of 2nd period - Jack Badini wins face-off versus Thomas Tynan in Gulls zone.
10:51 of 2nd period - Shot by Dalton Smith.
10:51 of 2nd period - Stopped by Anthony Stolarz without a rebound.
10:52 of 2nd period - Linus Olund wins face-off versus Jean-Gabriel Pageau in Crunch zone.
11:18 of 2nd period - Icing by Lucas Carlsson.
11:19 of 2nd period - Linus Olund wins face-off versus Thomas Tynan in Gulls zone.
11:19 of 2nd period - Linus Olund is hit by Blaine Byron.
12:31 of 2nd period - Off-side.
12:32 of 2nd period - Patrick Harper wins face-off versus Jack Badini in neutral zone.
12:38 of 2nd period - Icing by Gustav Bouramman.
12:39 of 2nd period - Jack Badini wins face-off versus Patrick Harper in Gulls zone.
12:44 of 2nd period - Mikko Kokkonen is hit by Marcus Kallionkelli and loses puck.
12:55 of 2nd period - Shot by Lukas Vejdemo.
12:55 of 2nd period - Shot Misses the Net.
12:57 of 2nd period - Shot by Ryan Shea.
12:57 of 2nd period - Shot Misses the Net.
12:59 of 2nd period - Shot by Marcus Kallionkelli.
12:59 of 2nd period - Shot Misses the Net.
13:01 of 2nd period - Shot by Jack Badini.
13:01 of 2nd period - Stopped by Anthony Stolarz without a rebound.
13:02 of 2nd period - Jean-Gabriel Pageau wins face-off versus Alex Limoges in Crunch zone.
14:20 of 2nd period - Shot by Jean-Christophe Beaudin.
14:20 of 2nd period - Deflect By Thomas Tynan.
14:20 of 2nd period - Shot Misses the Net.
14:46 of 2nd period - Shot by Linus Olund.
14:46 of 2nd period - Deflect By Dylan Sikura.
14:46 of 2nd period - Stopped by Anthony Stolarz without a rebound.
14:47 of 2nd period - Patrick Harper wins face-off versus Dylan Sikura in Crunch zone.
14:57 of 2nd period - Icing by Mikko Kokkonen.
14:58 of 2nd period - Patrick Harper wins face-off versus Linus Olund in Crunch zone.
15:17 of 2nd period - Xavier Bouchard is hit by Linus Olund and loses puck.
15:28 of 2nd period - Shot by Linus Olund.
15:28 of 2nd period - Shot Misses the Net.
15:43 of 2nd period - Icing by Trevor Murphy.
15:44 of 2nd period - TJ Hensick wins face-off versus Jean-Gabriel Pageau in Gulls zone.
15:44 of 2nd period - Lucas Carlsson is hit by Jean-Gabriel Pageau and loses puck.
16:14 of 2nd period - Arnaud Durandeau is hit by Jaycob Megna.
16:38 of 2nd period - Shot by Dalton Smith.
16:38 of 2nd period - Shot Misses the Net.
16:40 of 2nd period - Shot by Dalton Smith.
16:40 of 2nd period - Goal by Dalton Smith - Crunch : 2 - Gulls : 3.
16:41 of 2nd period - Alex Limoges wins face-off versus Thomas Tynan in neutral zone.
16:57 of 2nd period - Axel Andersson is hit by Phil Di Giuseppe and loses puck.
17:12 of 2nd period - Shot by Thomas Tynan.
17:12 of 2nd period - Goal by Thomas Tynan - Crunch : 3 - Gulls : 3.
17:13 of 2nd period - Linus Olund wins face-off versus Patrick Harper in neutral zone.
17:38 of 2nd period - Shot by Mirco Mueller.
17:38 of 2nd period - Shot Blocked by Paul Bittner.
17:40 of 2nd period - Shot by Dylan Sikura.
17:40 of 2nd period - Shot Misses the Net.
17:44 of 2nd period - Shot by Dylan Sikura.
17:44 of 2nd period - Stopped by Anthony Stolarz without a rebound.
17:45 of 2nd period - Aaron Luchuk wins face-off versus TJ Hensick in Crunch zone.
17:54 of 2nd period - Shot by Jean-Gabriel Pageau.
17:54 of 2nd period - Stopped by Janne Juvonen without a rebound.
17:55 of 2nd period - Alex Limoges wins face-off versus Jean-Gabriel Pageau in Gulls zone.
18:08 of 2nd period - Shot by Alex Limoges.
18:08 of 2nd period - Shot Misses the Net.
18:10 of 2nd period - Shot by Gustav Bouramman.
18:10 of 2nd period - Shot Misses the Net.
18:24 of 2nd period - Shot by Alex Limoges.
18:24 of 2nd period - Shot Misses the Net.
18:26 of 2nd period - Shot by Lukas Vejdemo.
18:26 of 2nd period - Stopped by Anthony Stolarz with a rebound.
18:40 of 2nd period - Shot by Dylan Sikura.
18:40 of 2nd period - Stopped by Anthony Stolarz without a rebound.
18:41 of 2nd period - Thomas Tynan wins face-off versus Linus Olund in Crunch zone.
18:47 of 2nd period - Icing by Dmitry Kulikov.
18:48 of 2nd period - Thomas Tynan wins face-off versus Linus Olund in Gulls zone.
18:48 of 2nd period - Austin Strand is hit by Mirco Mueller and loses puck.
19:32 of 2nd period - Austin Strand is hit by Dmitry Kulikov and loses puck.
Goals for this period are 1 for Crunch vs 2 for Gulls.
Shots for this period are 6 for Crunch vs 15 for Gulls.

3rd period


0:01 of 3rd period - Jean-Gabriel Pageau wins face-off versus Linus Olund in neutral zone.
0:38 of 3rd period - Jean-Gabriel Pageau is hit by Mirco Mueller and loses puck.
1:21 of 3rd period - Shot by Alex Limoges.
1:21 of 3rd period - Stopped by Anthony Stolarz with a rebound.
1:23 of 3rd period - Shot by Ryan Shea.
1:23 of 3rd period - Deflect By Phil Di Giuseppe.
1:23 of 3rd period - Shot Misses the Net.
2:15 of 3rd period - Shot by Patrick Harper.
2:15 of 3rd period - Stopped by Janne Juvonen without a rebound.
2:16 of 3rd period - Jack Badini wins face-off versus Aaron Luchuk in Gulls zone.
2:16 of 3rd period - Jack Badini is hit by Garnet Hathaway.
2:29 of 3rd period - Shot by Lukas Vejdemo.
2:29 of 3rd period - Stopped by Anthony Stolarz without a rebound.
2:30 of 3rd period - Patrick Harper wins face-off versus Linus Olund in Crunch zone.
2:30 of 3rd period - Patrick Harper is hit by Jack Badini.
2:44 of 3rd period - Shot by Linus Olund.
2:44 of 3rd period - Shot Misses the Net.
3:45 of 3rd period - Icing by Mason Shaw.
3:46 of 3rd period - TJ Hensick wins face-off versus Jean-Gabriel Pageau in Crunch zone.
5:23 of 3rd period - Icing by Xavier Bouchard.
5:24 of 3rd period - Linus Olund wins face-off versus Patrick Harper in Crunch zone.
5:41 of 3rd period - Mirco Mueller is hit by Paul Bittner and loses puck.
6:08 of 3rd period - Icing by Dmitry Kulikov.
6:09 of 3rd period - Jean-Gabriel Pageau wins face-off versus Linus Olund in Gulls zone.
6:09 of 3rd period - Garnet Hathaway is hit by Mirco Mueller and loses puck.
6:13 of 3rd period - Garnet Hathaway is hit by Mirco Mueller and loses puck.
6:23 of 3rd period - Icing by Mathias Laferriere.
6:24 of 3rd period - Linus Olund wins face-off versus Thomas Tynan in Gulls zone.
6:36 of 3rd period - Axel Andersson is hit by Gustav Bouramman and loses puck.
6:52 of 3rd period - Minor Penalty to Ryan Shea for Hooking.
6:53 of 3rd period - Jean-Gabriel Pageau wins face-off versus Linus Olund in Gulls zone.
7:06 of 3rd period - Shot by Mason Shaw.
7:06 of 3rd period - Stopped by Janne Juvonen without a rebound.
7:07 of 3rd period - TJ Hensick wins face-off versus Mason Shaw in Gulls zone.
7:07 of 3rd period - Phil Di Giuseppe is hit by Mike Vecchione and loses puck.
7:34 of 3rd period - Shot by Jean-Gabriel Pageau.
7:34 of 3rd period - Stopped by Janne Juvonen without a rebound.
7:35 of 3rd period - TJ Hensick wins face-off versus Thomas Tynan in Gulls zone.
7:44 of 3rd period - Shot by Axel Andersson.
7:44 of 3rd period - Stopped by Janne Juvonen with a rebound.
7:54 of 3rd period - Lucas Carlsson is hit by Thomas Tynan and loses puck.
8:28 of 3rd period - Icing by Austin Strand.
8:29 of 3rd period - Jean-Gabriel Pageau wins face-off versus Linus Olund in Crunch zone.
8:51 of 3rd period - Mike Vecchione is hit by Lucas Carlsson and loses puck.
9:40 of 3rd period - Shot by Dylan Sikura.
9:40 of 3rd period - Shot Misses the Net.
10:10 of 3rd period - Dylan Sikura is hit by Mikko Kokkonen and loses puck.
10:28 of 3rd period - Phil Di Giuseppe is hit by Mikko Kokkonen and loses puck.
10:34 of 3rd period - Phil Di Giuseppe is hit by Mikko Kokkonen and loses puck.
10:39 of 3rd period - Shot by Lukas Vejdemo.
10:39 of 3rd period - Shot Misses the Net.
10:41 of 3rd period - Shot by Phil Di Giuseppe.
10:41 of 3rd period - Shot Misses the Net.
10:43 of 3rd period - Shot by Trevor Murphy.
10:43 of 3rd period - Stopped by Anthony Stolarz with a rebound.
10:45 of 3rd period - Shot by Lukas Vejdemo.
10:45 of 3rd period - Shot Misses the Net.
10:47 of 3rd period - Shot by Trevor Murphy.
10:47 of 3rd period - Shot Misses the Net.
11:16 of 3rd period - Icing by Xavier Bouchard.
11:17 of 3rd period - Linus Olund wins face-off versus Patrick Harper in Crunch zone.
12:20 of 3rd period - Shot by Dalton Smith.
12:20 of 3rd period - Shot Misses the Net.
13:01 of 3rd period - Shot by Alex Limoges.
13:01 of 3rd period - Goal by Alex Limoges - Crunch : 3 - Gulls : 4.
13:02 of 3rd period - TJ Hensick wins face-off versus Blaine Byron in neutral zone.
13:12 of 3rd period - Arnaud Durandeau is hit by Connor Corcoran and loses puck.
13:37 of 3rd period - Shot by Thomas Tynan.
13:37 of 3rd period - Shot Misses the Net.
15:06 of 3rd period - Shot by Mathias Laferriere.
15:06 of 3rd period - Shot Misses the Net.
15:10 of 3rd period - Shot by Linus Olund.
15:10 of 3rd period - Goal by Linus Olund - Crunch : 3 - Gulls : 5.
15:11 of 3rd period - Jack Badini wins face-off versus Aaron Luchuk in neutral zone.
15:23 of 3rd period - Shot by Dalton Smith.
15:23 of 3rd period - Shot Blocked by Connor Corcoran.
15:25 of 3rd period - Shot by Marcus Kallionkelli.
15:25 of 3rd period - Shot Misses the Net.
15:29 of 3rd period - Shot by Dalton Smith.
15:29 of 3rd period - Stopped by Anthony Stolarz without a rebound.
15:30 of 3rd period - Jean-Christophe Beaudin wins face-off versus Linus Olund in Crunch zone.
15:41 of 3rd period - Connor Corcoran is hit by Mathias Laferriere and loses puck.
16:09 of 3rd period - Shot by Phil Di Giuseppe.
16:09 of 3rd period - Shot Misses the Net.
16:33 of 3rd period - Shot by Jean-Gabriel Pageau.
16:33 of 3rd period - Stopped by Janne Juvonen without a rebound.
16:34 of 3rd period - TJ Hensick wins face-off versus Aaron Luchuk in Gulls zone.
16:45 of 3rd period - Shot by TJ Hensick.
16:45 of 3rd period - Stopped by Anthony Stolarz without a rebound.
16:46 of 3rd period - Jean-Gabriel Pageau wins face-off versus Jack Badini in Crunch zone.
16:46 of 3rd period - Jean-Gabriel Pageau is hit by Jack Badini.
17:11 of 3rd period - Jean-Gabriel Pageau is hit by Marcus Kallionkelli and loses puck.
17:53 of 3rd period - Shot by Mathias Laferriere.
17:53 of 3rd period - Stopped by Anthony Stolarz without a rebound.
17:54 of 3rd period - Thomas Tynan wins face-off versus TJ Hensick in Crunch zone.
17:59 of 3rd period - Shot by Dylan Sikura.
17:59 of 3rd period - Shot Misses the Net.
18:27 of 3rd period - Shot by Arnaud Durandeau.
18:27 of 3rd period - Stopped by Anthony Stolarz without a rebound.
18:28 of 3rd period - Alex Limoges wins face-off versus Jean-Gabriel Pageau in Crunch zone.
18:36 of 3rd period - Dmitry Kulikov is hit by Garnet Hathaway and loses puck.
19:17 of 3rd period - Shot by Paul Bittner.
19:17 of 3rd period - Stopped by Janne Juvonen without a rebound.
19:18 of 3rd period - Thomas Tynan wins face-off versus Linus Olund in Gulls zone.
19:19 of 3rd period - Shot by Blaine Byron.
19:19 of 3rd period - Shot Misses the Net.
19:34 of 3rd period - Shot by Linus Olund.
19:34 of 3rd period - Shot Misses the Net.
Goals for this period are 0 for Crunch vs 2 for Gulls.
Shots for this period are 6 for Crunch vs 9 for Gulls.